 Dungeon Crawl Stone Soup version 0.32-a0-870-g877066f4b4 (webtiles) character file.

Game seed: 13927243238074717052

509833 Conn the Eclecticist (level 25, -2/188 HPs)
             Began as an Octopode Fire Elementalist on Mar 2, 2024.
             Was a High Priest of Sif Muna.
             Killed from afar by a frost giant (27 damage)
             ... with a bolt of cold
             ... on level 3 of the Depths on Mar 29, 2024.
             The game lasted 05:12:10 (75267 turns).

Conn the Eclecticist (Octopode Fire Elementalist)  Turns: 75267, Time: 05:12:10

Health: -2/188     AC: 12    Str: 15      XL:     25   Next: 7%
Magic:  27/45      EV: 28    Int: 45 (46) God:    Sif Muna [*****.]
Gold:   4438       SH: 13    Dex: 21 (22) Spells: 4/60 levels left

rFire   + + .        a - staff "Jouf" {^Drain rPois rC+ Conj}
rCold   + . .        c - +1 buckler {AC+3}
rNeg    + + .        O - +2 hat
rPois   +            z - amulet "Piweroat" {Reflect Str+2 Int+2 SH+5 SInv}
rElec   +            d - ring "Binuoril" {Will- rCorr EV+5 Int+8 Stlth-}
rCorr   +            y - ring of Qof Ygge {rElec rF+ rN+ Str+6 Slay+2}
SInv    +            A - ring of Juifua {Will++ rCorr Slay+4}
Will    +++..        E - +4 ring of protection
Stlth   +++++        S - ring of wizardry
HPRegen 0.51/turn    G - ring of the Reasonable God {rF+ rN+ Will+ Dex+2}
MPRegen 0.29/turn    J - +6 ring of intelligence
                     R - +6 ring of intelligence

%: reflection, wizardry (x1)
@: studying 2 skills
A: almost no armour, amphibious, 8 rings, camouflage 2, gelatinous body 1,
(nimble swimmer 1), tentacles, iridescent scales 1, agile 1, deterioration 1,
robust 1
}: 3/15 runes: decaying, serpentine, silver
a: Renounce Religion, Channel Magic, Forget Spell, Divine Exegesis


You were on level 3 of the Depths.
You worshipped Sif Muna.
Sif Muna was extremely pleased with you.
You visited 8 branches of the dungeon, and saw 41 of its levels.
You visited the Abyss 2 times.
You visited 1 bazaar.
You also visited: Trove, Bailey and Ice Cave.

You collected 7212 gold pieces.
You spent 2774 gold pieces at shops.

Inventory:

Hand Weapons
 b - the +8 lance "Wyrmbane" {slay drac, rPois rF+ rC+ AC+3}
   (You found it on level 5 of the Vaults)

   AC+3:      It affects your AC (+3).
   rF+:       It protects you from fire.
   rC+:       It protects you from cold.
   rPois:     It protects you from poison.
Missiles
 Q - 16 curare-tipped darts
Armour
 c - a +1 buckler of protection (worn)
 k - a +3 buckler of resistance
 O - a +2 hat (worn)
Magical Staves
 a - the staff "Jouf" (weapon) {^Drain rPois rC+ Conj}
   (You found it on level 3 of the Elven Halls)

   [staff of conjuration]

   Base accuracy: +5 Base damage: 5 Base attack delay: 1.2 This weapon's minimum
   attack delay (0.6) is reached at skill level 12.
   rC+:       It protects you from cold.
   rPois:     It protects you from poison.
   ^Drain:    It drains your maximum health when unequipped.
   Conj:      It increases the power of your Conjurations spells.
   It falls into the 'Staves' category.
   It is a one-tentacled weapon.
 C - the staff of Conservatism {rElec rC+ Will+ Summ Ice Air}
   (You found it on level 3 of the Elven Halls)

   [staff of air]

   Base accuracy: +5 Base damage: 5 Base attack delay: 1.2 This weapon's minimum
   attack delay (0.6) is reached at skill level 12.
   rC+:       It protects you from cold.
   rElec:     It insulates you from electricity.
   Will+:     It increases your willpower.
   Summ:      It increases the power of your Summonings spells.
   Ice:       It increases the power of your Ice spells.
   Air:       It increases the power of your Air spells.
   It falls into the 'Staves' category.
   It is a one-tentacled weapon.
Jewellery
 d - the ring "Binuoril" (left tentacle) {Will- rCorr EV+5 Int+8 Stlth-}
   (You found it in a treasure trove)

   [ring of evasion]

   EV+5:      It affects your evasion (+5).
   Int+8:     It affects your intelligence (+8).
   Will-:     It decreases your willpower.
   rCorr:     It protects you from acid and corrosion.
   Stlth-:    It makes you less stealthy.
 v - the ring "Yzickas" {rElec rPois MP+9 Dex+5 Stlth-}
   (You acquired it in a bailey)

   [ring of magical power]

   Dex+5:     It affects your dexterity (+5).
   rElec:     It insulates you from electricity.
   rPois:     It protects you from poison.
   MP+9:      It affects your magic capacity (+9).
   Stlth-:    It makes you less stealthy.
 y - the ring of Qof Ygge (right tentacle) {rElec rF+ rN+ Str+6 Slay+2}
   (You found it in a treasure trove)

   [ring of strength]

   Str+6:     It affects your strength (+6).
   Slay+2:    It affects your accuracy & damage with ranged weapons and melee
   (+2).
   rF+:       It protects you from fire.
   rElec:     It insulates you from electricity.
   rN+:       It protects you from negative energy.
 z - the amulet "Piweroat" (around mantle) {Reflect Str+2 Int+2 SH+5 SInv}
   (You found it in a treasure trove)

   [amulet of reflection]

   Reflect:   It reflects blocked missile attacks.
   Str+2:     It affects your strength (+2).
   Int+2:     It affects your intelligence (+2).
   SInv:      It lets you see invisible.
   SH+5:      It affects your SH (+5).
 A - the ring of Juifua (on tentacle) {Will++ rCorr Slay+4}
   (You found it in a treasure trove)

   [ring of resist corrosion]

   Slay+4:    It affects your accuracy & damage with ranged weapons and melee
   (+4).
   Will++:    It greatly increases your willpower.
   rCorr:     It protects you from acid and corrosion.
 B - the ring of Jiaghowu {rF+ rN+ rCorr Str-4}
   (You found it on level 4 of the Snake Pit)

   [ring of resist corrosion]

   Str-4:     It affects your strength (-4).
   rF+:       It protects you from fire.
   rN+:       It protects you from negative energy.
   rCorr:     It protects you from acid and corrosion.
 E - a +4 ring of protection (on tentacle)
 F - a ring of fire
 G - the ring of the Reasonable God (on tentacle) {rF+ rN+ Will+ Dex+2}
   (You found it on level 4 of the Swamp)

   [ring of positive energy]

   Dex+2:     It affects your dexterity (+2).
   rF+:       It protects you from fire.
   rN+:       It protects you from negative energy.
   Will+:     It increases your willpower.
 J - a +6 ring of intelligence (on tentacle)
 L - the ring "Ugimpuf" {rF+++ rN+ EV+5 Dex-4 Stlth+}
   (You found it in a treasure trove)

   [ring of evasion]

   EV+5:      It affects your evasion (+5).
   Dex-4:     It affects your dexterity (-4).
   rF+++:     It renders you almost immune to fire.
   rN+:       It protects you from negative energy.
   Stlth+:    It makes you more stealthy.
 R - a +6 ring of intelligence (on tentacle)
 S - a ring of wizardry (on tentacle)
 V - the ring of Zin's Whim {Fly rC- Int+5 Slay+3}
   (You found it in a treasure trove)

   [ring of flight]

   Int+5:     It affects your intelligence (+5).
   Slay+3:    It affects your accuracy & damage with ranged weapons and melee
   (+3).
   rC-:       It makes you vulnerable to cold.
   Fly:       It grants you flight.
 X - the ring of Popsop {rElec rPois rC- rN+++ Will+}
   (You took it off a deep elf zephyrmancer on level 3 of the Elven Halls)

   [ring of willpower]

   rC-:       It makes you vulnerable to cold.
   rElec:     It insulates you from electricity.
   rPois:     It protects you from poison.
   rN+++:     It renders you almost immune to negative energy.
   Will+:     It increases your willpower.
Wands
 m - a wand of digging (20)
 x - a wand of charming (46)
 N - a wand of roots (86)
 Z - a wand of acid (13)
Scrolls
 f - 2 scrolls of torment
 g - 5 scrolls of poison
 i - 19 scrolls of fog
 n - 2 scrolls of butterflies
 s - 10 scrolls of teleportation
 t - 2 scrolls of immolation
 u - 3 scrolls of blinking
 D - 8 scrolls of vulnerability
 M - 2 scrolls of amnesia
 U - 4 scrolls of fear
Potions
 e - 3 potions of lignification
 h - 5 potions of brilliance
 j - 5 potions of haste
 l - 7 potions of cancellation
 o - 7 potions of magic
 p - 19 potions of curing
 q - 5 potions of heal wounds
 r - 4 potions of attraction
 I - 12 potions of enlightenment
 K - 3 potions of ambrosia
 P - 6 potions of resistance
 T - 6 potions of mutation
 Y - 2 potions of invisibility
Miscellaneous
 w - a sack of spiders
 H - a phantom mirror
 W - a condenser vane


   Skills:
 + Level 14.0 Fighting
 - Level 8.0 Long Blades
 - Level 6.2 Staves
 + Level 14.8 Dodging
 - Level 7.0 Stealth
 + Level 11.1 Shields
 + Level 18.0 Spellcasting
 * Level 17.2 Conjurations
 - Level 7.0 Hexes
 - Level 7.5 Summonings
 - Level 10.0 Translocations
 * Level 16.4 Fire Magic
 - Level 5.0 Ice Magic
 + Level 13.0 Air Magic
 - Level 5.0 Alchemy
 - Level 15.0 Invocations
 + Level 3.7 Evocations


You had 4 spell levels left.
You knew the following spells:

 Your Spells              Type           Power      Damage    Failure   Level
a - Foxfire               Conj/Fire      100%       2x1d9     0%          1
b - Fire Storm            Conj/Fire      68%        8d17      26%         9
c - Dispersal             Tloc           46%        N/A       1%          6
d - Orb of Destruction    Conj           69%        9d16      1%          7
e - Mephitic Cloud        Conj/Alch/Air  100%       N/A       0%          3
g - Plasma Beam           Fire/Air       53%        2x1d68    1%          6
h - Airstrike             Air            51%        2d(8-24)  1%          4
i - Swiftness             Air            100%       N/A       0%          3
j - Iskenderun's Mystic   Conj/Tloc      100%       2d19      (+2d11%     4
k - Hailstorm             Conj/Ice       100%       3d16      0%          3
l - Blink                 Tloc           100%       N/A       0%          2
m - Ignition              Fire           56%        3d15      1%          8

Your spell library contained the following spells:

 Spells                   Type           Power      Damage    Failure   Level
 Apportation              Tloc           100%       N/A       0%          1
 Kiss of Death            Conj/Necr      100%       2d13      0%          1
 Shock                    Conj/Air       100%       1d9       0%          1
 Sting                    Conj/Alch      100%       1d9       0%          1
 Lesser Beckoning         Tloc           100%       N/A       0%          2
 Momentum Strike          Conj/Tloc      100%       3d10      0%          2
 Scorch                   Fire           100%       2d9       0%          2
 Searing Ray              Conj           100%       2d8       0%          2
 Static Discharge         Conj/Air       100%       3-8/arc   0%          2
 Dazzling Flash           Conj/Hex       100%       N/A       0%          3
 Inner Flame              Hex/Fire       98%        N/A       0%          3
 Volatile Blastmotes      Fire/Tloc      100%       2d18      0%          3
 Flame Wave               Conj/Fire      100%       2d21      0%          4
 Freeze                   Ice            100%       1d10      1%          1
 Necrotise                Necr           100%       1d9       1%          1
 Sandblast                Erth           80%        2d17      1%          1
 Slow                     Hex            100%       N/A       1%          1
 Call Imp                 Summ           100%       N/A       1%          2
 Cigotuvi's Dreadful Rot  Necr/Alch/Air  100%       N/A       1%          2
 Ensorcelled Hibernation  Hex/Ice        100%       N/A       1%          2
 Jinxbite                 Hex            100%       N/A       1%          2
 Mercury Vapours          Alch/Air       100%       N/A       1%          2
 Sublimation of Blood     Necr           40%        N/A       1%          2
 Call Canine Familiar     Summ           83%        N/A       1%          3
 Confusing Touch          Hex            80%        N/A       1%          3
 Frozen Ramparts          Ice            100%       1d16      1%          3
 Fugue of the Fallen      Necr           40%        N/A       1%          3
 Ozocubu's Armour         Ice            72%        N/A       1%          3
 Passwall                 Erth           40%        N/A       1%          3
 Sigil of Binding         Hex            80%        N/A       1%          3
 Stone Arrow              Conj/Erth      100%       3d13      1%          3
 Summon Ice Beast         Ice/Summ       77%        N/A       1%          3
 Teleport Other           Tloc           92%        N/A       1%          3
 Tukima's Dance           Hex            80%        N/A       1%          3
 Vampiric Draining        Necr           40%        2d8       1%          3
 Anguish                  Hex/Necr       32%        N/A       1%          4
 Brom's Barrelling Bould  Conj/Erth      100%       2d11      1%          4
 Cause Fear               Hex            40%        N/A       1%          4
 Dimensional Bullseye     Hex/Tloc       43%        N/A       1%          4
 Fulminant Prism          Conj/Alch      59%        3d24      1%          4
 Ignite Poison            Fire/Alch      95%        N/A       1%          4
 Leda's Liquefaction      Alch/Erth      29%        N/A       1%          4
 Martyr's Knell           Necr/Summ      65%        N/A       1%          4
 Maxwell's Portable Pile  Tloc           92%        2d(19-37) 1%          4
 Passage of Golubria      Tloc           92%        N/A       1%          4
 Sticky Flame             Fire/Alch      95%        2d14      1%          4
 Summon Blazeheart Golem  Fire/Summ      99%        N/A       1%          4
 Summon Lightning Spire   Summ/Air       93%        N/A       1%          4
 Vhi's Electric Charge    Tloc/Air       100%       N/A       1%          4
 Animate Dead             Necr           40%        N/A       2%          4
 Dispel Undead            Necr           40%        3d16      2%          4
 Fireball                 Conj/Fire      68%        3d26      0%          5
 Iskenderun's Battlesphe  Conj           100%       2d15      0%          5
 Arcjolt                  Conj/Air       66%        1d76      1%          5
 Freezing Cloud           Conj/Ice/Air   60%        6-21      1%          5
 Irradiate                Conj/Alch      59%        3d31      1%          5
 Metabolic Englaciation   Hex/Ice        38%        N/A       1%          5
 Silence                  Hex/Air        46%        N/A       1%          5
 Summon Forest            Summ/Tloc      44%        N/A       1%          5
 Yara's Violent Unravell  Hex/Alch       38%        3d15      1%          5
 Bombard                  Conj/Erth      54%        9d9       1%          6
 Conjure Ball Lightning   Conj/Air       66%        3x3d25    1%          6
 Gell's Gavotte           Tloc           46%        2d(32-47) 1%          6
 Starburst                Conj/Fire      68%        6d18      1%          6
 Spellforged Servitor     Conj/Summ      61%        N/A       1%          7
 Manifold Assault         Tloc           46%        N/A       3%          7
 Eringya's Noxious Bog    Alch           36%        4d6       5%          6
 Sculpt Simulacrum        Ice/Alch       36%        N/A       5%          6
 Borgnjor's Vile Clutch   Necr/Erth      20%        N/A       8%          5
 Curse of Agony           Necr           40%        N/A       8%          5
 Lee's Rapid Deconstruct  Erth           20%        3d12*     8%          5
 Maxwell's Capacitive Co  Air            51%        ∞         9%          8
 Summon Hydra             Summ           41%        N/A       10%         7
 Enfeeble                 Hex            40%        N/A       12%         7
 Ozocubu's Refrigeration  Ice            36%        4d15      26%         7
 Disjunction              Tloc           46%        N/A       26%         8
 Death Channel            Necr           20%        N/A       36%         6
 Lehudib's Crystal Spear  Conj/Erth      54%        10d13     43%         8
 Chain Lightning          Conj/Air       66%        3d88      45%         9
 Dragon's Call            Summ           41%        N/A       100%        9
 Polar Vortex             Ice            36%        12d4*     100%        9


Dungeon Overview and Level Annotations

Branches:
Dungeon (15/15)            Temple (0/1) D:5            Lair (5/5) D:8
  Swamp (4/4) Lair:3        Snake (4/4) Lair:3        Slime (0/5) Lair:4
    Orc (2/2) D:11            Elf (3/3) Orc:2        Vaults (5/5) D:14
  Crypt (0/3) Vaults:3     Depths (3/4) D:15         Bailey (visited)
  IceCv (visited)

Altars:
Dithmenos
Fedhas
Gozag
Nemelex Xobeh
Okawaru
Sif Muna
Trog
Beogh
Jiyva

Shops:
D:4 :   D:5 **?   D:8 *   D:9 *   Orc:2 *:([[   Elf:1 !   Elf:2 [   Elf:3 *
Snake:1 =**   Vaults:4 *

Portals:
Hell: Depths:1 Depths:3
Abyss: Snake:4

Annotations:
Depths:3 Boris


Innate Abilities, Weirdness & Mutations

You cannot wear most types of armour.
You are amphibious.
You can wear up to eight rings at the same time.
Your skin blends seamlessly with your surroundings (Stealth++).
Your rubbery body absorbs attacks. (AC +1, EV +1)
((You are camouflaged when in or above water. (Stealth+)))
You have tentacles for arms and can constrict up to eight enemies at once.
You are partially covered in iridescent scales. (AC +2)
You are agile. (Dex +4, Str/Int -1)
Your body sometimes deteriorates upon taking damage.
You are robust. (+10% HP)


Message History

The orb of destruction hits the ettin!!!
The ettin is blown up!
The fire dragon is engulfed in excruciating misery. x2
You hear a shout!
Unknown command.
Unknown command.
Unknown command.
Unknown command.
Casting: Iskenderun's Mystic Blast (safe; 0% risk of failure)
Confirm with . or Enter, or press ? or * to list all spells.
You blink.
A fire giant comes into view.
It is wielding a +0 great sword of flaming.
The fire dragon breathes flames at you. The blast of flame misses you.
You hear a deafening roar!
You feel less invigorated.
You feel ready to blink again.
The fire dragon is engulfed in excruciating misery.
The fire giant points at you and mumbles some strange words.
The bolt of fire hits you. You resist. The fire dragon breathes flames at you.
The blast of flame hits you. You resist.
You hear a deafening roar!
You hear a shout!
The frost giant gestures at you while chanting.
The bolt of cold hits you!! You resist.
* * * LOW HITPOINT WARNING * * *
Your body deteriorates!
You feel dopey.
The frost giant gestures at you while chanting.
The bolt of cold misses you.
The fire giant gestures at you while chanting.
The bolt of fire misses you. The fire giant casts a spell at you.
The fireball explodes!
The fireball engulfs you! You resist.
* * * LOW HITPOINT WARNING * * *
You hear a deafening roar!
You hear a shout!
You hear a deafening roar!
You hear a shout!
You hear a deafening roar!
You hear a shout! x3
There is a stone staircase leading up, spattered with blood here.
The frost giant points at you and mumbles some strange words.
The bolt of cold hits you!! You resist.
You die...

#............
#.∩.L........
#.†.(........
##.DDC.C.....
#.).........
#..?........
#...........
##....../...
#..@.......
#.).......>
#.......#...
#....#...#...
....###.......
...... ...$..
.....# .......
....# #......
C... ....


You could see Boris, a frost giant, a fire giant and 2 fire dragons.

Vanquished Creatures
  A dread lich (Vaults:5)
  An ancient lich (Vaults:5)
  Boris (Vaults:3)
  the Lernaean hydra (Swamp:4)
  Margery (Vaults:5)
  Vashnia (Snake:4)
  A caustic shrike (Depths:3)
  2 golden dragons (Vaults:5)
  Saint Roka (Vaults:4)
  Jory (Vaults:5)
  Norris (Depths:1)
  A bone dragon (Vaults:3)
  the Enchantress (Depths:2)
  A Hell Sentinel (Snake:4)
  Jorgrun (D:14)
  Asterion (Vaults:3)
  3 tentacled monstrosities
  4 liches
  A deep elf master archer (Elf:3)
  A quicksilver dragon (Vaults:5)
  A searing wretch (Vaults:5)
  4 titans (Vaults:5)
  5 deep elf blademasters
  3 sphinxes
  An ancient champion (Depths:1)
  A tentacled starspawn (Snake:4)
  The ghost of Jano the Severer, an adept CoGl of Okawaru (Snake:4)
  A thorn hunter (Swamp:4)
  The ghost of Puohiom the Imperceptible, an adept KoEn of Ashenzari (Snake:2)
  6 tengu reavers
  Aizul (Snake:4)
  6 fire giants
  6 nagarajas
  7 deep elf sorcerers
  5 frost giants
  The ghost of HourglassMan the Warrior, a journeyman GrEE of Vehumet (Snake:1)
  17 vault wardens
  Louise (Elf:3)
  3 orc warlords
  5 deep elf elementalists
  2 ghouls (Swamp:2)
  A cacodemon (Snake:4)
  A caustic shrike skeleton (Abyss:3)
  5 spriggan defenders
  22 stone giants
  A formless jellyfish (Vaults:2)
  12 ironbound preservers
  5 ironbound thunderhulks
  12 very ugly things
  3 vampire knights
  8 deep elf death magi
  6 deep elf demonologists
  6 bunyips
  9 dire elephants
  Azrael (D:12)
  6 deep elf annihilators
  An eleionoma (Swamp:1)
  3 war gargoyles
  A minotaur (Lair:4)
  4 spark wasps
  2 entropy weavers
  11 ettins
  Fannar (D:12)
  A shambling mangrove (Swamp:2)
  6 deep elf high priests
  25 yaktaur captains
  11 great orbs of eyes
  Harold (Lair:2)
  4 fire dragons
  36 vault guards
  7 rakshasas
  6 salamander tyrants
  3 peacekeepers
  A spriggan zombie (Abyss:3)
  A caustic shrike simulacrum (IceCv)
  3 ghost crabs
  4 ice dragons
  6 ogre magi
  19 hydras
  15 centaur warriors
  5 two-headed ogres
  A hell beast (Depths:1)
  17 ironbound frosthearts
  A catoblepas (Lair:4)
  4 spriggan air magi
  10 alligators
  7 boulder beetles
  3 tengu warriors
  25 dancing weapons
  12 anacondas
  3 spriggan berserkers
  6 deep troll earth magi
  A vampire mage (Depths:1)
  3 deep troll shamans
  19 death yaks
  13 naga warriors
  A hell hog (Snake:4)
  2 occultists (D:15)
  4 hell knights
  6 orc high priests
  6 shock serpents
  18 naga sharpshooters
  Nergalle (Orc:1)
  15 deep elf knights
  A wretched star (Abyss:3)
  An iron troll (Depths:2)
  2 sea snakes (Snake:2)
  A spectral spark wasp (Depths:1)
  A salamander mystic (Snake:3)
  4 skysharks
  3 spriggan druids
  6 goliath frogs
  3 skeletal warriors (D:15)
  2 sea snakes (shapeshifter)
  22 deep trolls
  An obsidian statue (IceCv)
  7 naga ritualists
  8 arcanists
  A glowing orange brain (Vaults:3)
  5 bog bodies
  A deep troll (shapeshifter) (Vaults:5)
  14 swamp dragons
  6 mana vipers
  A mana viper (shapeshifter) (Vaults:5)
  A flayed ghost (Depths:1)
  6 lindwurms
  2 spriggan simulacra (IceCv)
  12 deep elf archers
  7 phantasmal warriors
  20 ironbound convokers
  4 thermic dynamos
  A large abomination (Snake:4)
  12 orc knights
  16 harpies
  5 oklob plants (Lair:3)
  A wolf spider (Vaults:5)
  2 necromancers
  19 deep elf zephyrmancers
  A shining eye (shapeshifter) (Vaults:5)
  21 deep elf pyromancers
  17 salamanders
  38 ugly things
  4 cyclopes
  2 moths of wrath (Snake:1)
  Maurice (Orc:1)
  7 orc sorcerers
  A manticore (Lair:3)
  A will-o-the-wisp (Swamp:1)
  3 meliai (D:14)
  12 elephants
  30 vault sentinels
  2 kobold blastminers (Orc:2)
  17 naga magi
  9 guardian serpents
  36 black mambas
  A water nymph (shapeshifter) (Vaults:1)
  A torpor snail (Lair:5)
  2 gargoyles (D:14)
  A hellion (Snake:4)
  9 cane toads
  4 rime drakes (Lair:5)
  An ice devil (IceCv)
  2 anaconda simulacra (IceCv)
  23 freezing wraiths
  38 yaktaurs
  10 komodo dragons
  Psyche (D:8)
  2 kobold demonologists
  5 tengu conjurers
  A queen bee (Lair:3)
  2 trolls
  7 tyrant leeches
  2 alligator simulacra (IceCv)
  3 polar bears
  6 bloated husks
  A hornet (shapeshifter) (D:14)
  A merfolk (shapeshifter) (Vaults:5)
  3 raiju
  A tarantella (Vaults:1)
  A dream sheep (shapeshifter) (Vaults:5)
  11 hornets
  22 blink frogs
  A glass eye (Depths:2)
  2 glass eyes (shapeshifter) (Vaults:5)
  A dream sheep (Lair:1)
  Sigmund (D:3)
  5 air elementals
  34 slime creatures
  6 water elementals
  A culicivora (shapeshifter) (Elf:3)
  16 spriggans
  8 wyverns
  A ynoxinul (Abyss:3)
  4 dire elephant simulacra (IceCv)
  2 vampires (D:12)
  3 wraiths
  6 shadows
  2 humans (D:14)
  27 yaks
  Grum (D:8)
  2 fire elementals (D:12)
  A chaos spawn (Abyss:3)
  2 minotaur simulacra (IceCv)
  6 steam dragons
  13 vampire mosquitoes
  5 wargs
  4 redbacks
  12 basilisks
  4 harpy simulacra
  5 hell hounds (D:12)
  5 acid dragons
  50 nagas
  16 swamp worms
  25 water moccasins
  9 swamp drakes
  A sky beast (D:8)
  2 laughing skulls (D:13)
  7 ettin simulacra (IceCv)
  37 orc warriors
  2 black bears
  A small abomination (Abyss:3)
  A crocodile (shapeshifter) (Elf:1)
  6 ogres
  8 boggarts
  10 centaurs
  29 wolves
  A phantom (D:4)
  The ghost of krokodildil the Shooter, an amateur SpHu (D:3)
  2 kobold brigands (D:15)
  11 bullfrogs
  A gnoll sergeant (D:10)
  4 earth elementals
  2 scorpions
  A deep troll simulacrum (IceCv)
  9 wights
  4 lindwurm simulacra (IceCv)
  45 killer bees
  4 howler monkeys
  11 electric eels
  27 orc priests
  4 gnoll boudas
  4 hounds
  3 jellies
  Jessica (D:3)
  A sleepcap (D:8)
  Ijyb (D:3)
  8 iguanas
  31 orc wizards
  26 gnolls
  11 adders
  A shadow imp (D:6)
  2 white imps
  3 dart slugs
  4 ribbon worms
  90 orcs
  8 ball pythons
  6 bats
  8 endoplasms
  4 giant cockroaches
  15 goblins
  8 hobgoblins
  7 kobolds
  7 quokkas
  3 frilled lizards
  2 rats (D:2)
  2 starspawn tentacles (Snake:4)
1885 creatures vanquished.

Vanquished Creatures (collateral kills)
  An ancient lich (Abyss:3)
  The ghost of Himuck the Scorcher, an adept OpFE of Sif Muna (Elf:2)
  2 tentacled starspawn (Abyss:3)
  An acid blob (Elf:2)
  A rockslime (Elf:2)
  A deep elf sorcerer (Elf:3)
  The ghost of Rankomyk the Carver, a journeyman VSEn of Uskayaw (Lair:4)
  2 hydras
  A spriggan skeleton (Abyss:3)
  A deep elf knight (Elf:1)
  2 wretched stars (Abyss:3)
  A flayed ghost (Abyss:3)
  A necromancer (Abyss:3)
  A thermic dynamo (Elf:1)
  2 deep elf zephyrmancers (Elf:1)
  4 deep elf pyromancers
  An eye of devastation (Elf:2)
  A smoke demon (Abyss:3)
  2 large abominations (Abyss:3)
  An efreet (Abyss:3)
  2 ancient zymes (Abyss:3)
  4 slime creatures (Elf:2)
  2 small abominations (Abyss:3)
  A ynoxinul (Abyss:3)
  A water moccasin (Lair:4)
  An earth elemental (Elf:1)
  2 starcursed masses (Abyss:3)
  A jelly (Lair:4)
  12 foxfires
  2 starspawn tentacles (Abyss:3)
56 creatures vanquished.

Vanquished Creatures (others)
  A rockslime (Elf:2)
  Nessos (Lair:3)
  An ettin (Depths:3)
  A peacekeeper (Vaults:2)
  An orc warrior (Vaults:5)
  An orc wizard (Orc:2)
  2 blazeheart cores
  1902 foxfires
  A starspawn tentacle (Snake:4)
1911 creatures vanquished.

Grand Total: 3852 creatures vanquished

Notes
Turn   | Place    | Note
-------+----------+-------------------------------------------
     0 | D:1      | Conn the Octopode Fire Elementalist began the quest for the
                  | Orb.
     0 | D:1      | Reached XP level 1. HP: 11/11 MP: 3/3
    84 | D:1      | Reached XP level 2. HP: 17/17 MP: 0/5
   314 | D:1      | Found a faded altar of an unknown god.
  1186 | D:2      | Reached XP level 3. HP: 21/21 MP: 6/6
  1808 | D:2      | Reached XP level 4. HP: 27/27 MP: 1/7
  2104 | D:3      | Noticed Jessica
  2105 | D:3      | Found a runed translucent gate.
  2105 | D:3      | Found a runed translucent gate.
  2105 | D:3      | Found a runed translucent gate.
  2106 | D:3      | Found an opulent altar of Gozag.
  2106 | D:3      | Noticed a water moccasin
  2116 | D:3      | Killed Jessica
  2168 | D:3      | Noticed krokodildil's ghost (amateur SpHu)
  2172 | D:3      | Learned a level 2 spell: Scorch
  2176 | D:3      | Learned a level 3 spell: Inner Flame
  2292 | D:3      | Noticed Sigmund
  2301 | D:3      | Killed Sigmund
  2302 | D:3      | Reached skill level 3 in Spellcasting
  2302 | D:3      | Reached XP level 5. HP: 31/31 MP: 0/9
  2302 | D:3      | Reached XP level 6. HP: 36/36 MP: 0/10
  2381 | D:3      | You fall into a shaft and drop 3 floors!
  2387 | D:5      | Entered Level 5 of the Dungeon
  2417 | D:5      | Found a shimmering blue altar of Sif Muna.
  2473 | D:5      | Became a worshipper of Sif Muna the Loreminder
  2526 | D:5      | Reached skill level 5 in Stealth
  2710 | D:4      | Reached XP level 7. HP: 41/41 MP: 4/12
  3159 | D:4      | Found Xetidoerch's Vocational Training.
  3461 | D:4      | Learned a level 4 spell: Flame Wave
  3644 | D:3      | Reached * piety under Sif Muna
  3954 | D:3      | Noticed Ijyb
  3960 | D:3      | Killed Ijyb
  4362 | D:3      | Reached skill level 4 in Spellcasting
  4362 | D:3      | Reached skill level 1 in Invocations
  4362 | D:3      | Reached XP level 8. HP: 37/46 MP: 5/14
  4365 | D:3      | Killed krokodildil's ghost
  4366 | D:3      | Reached skill level 1 in Hexes
  4670 | D:4      | Reached skill level 5 in Fire Magic
  4984 | D:5      | Found Wylimag's Assorted Antiques.
  4984 | D:5      | Found Xihuit's Assorted Antiques.
  4984 | D:5      | Found Akag's Magic Scroll Shoppe.
  4986 | D:5      | Bought a bubbling golden potion for 18 gold pieces
  4986 | D:5      | Bought a gold wand for 84 gold pieces
  5289 | D:5      | Found a staircase to the Ecumenical Temple.
  5659 | D:5      | Bought a bubbling golden potion for 28 gold pieces
  5659 | D:5      | Bought a yellow potion for 28 gold pieces
  5659 | D:5      | Bought a scroll labelled UDUNEKITOQ for 32 gold pieces
  5682 | D:5      | Reached ** piety under Sif Muna
  5755 | D:5      | Reached skill level 5 in Spellcasting
  5755 | D:5      | Reached skill level 5 in Conjurations
  5755 | D:5      | Reached XP level 9. HP: 43/51 MP: 5/16
  6336 | D:6      | Reached skill level 5 in Dodging
  6715 | D:6      | Identified the amulet "Lifut" {Spirit -Tele rElec Str+3
                  | Dex+3}
  6932 | D:7      | Learned a level 3 spell: Mephitic Cloud
  6938 | D:7      | Learned a level 3 spell: Dazzling Flash
  7149 | D:7      | Reached skill level 1 in Alchemy
  7188 | D:7      | Found a flagged portal.
  7197 | Bailey   | Entered a bailey
  7276 | Bailey   | Reached skill level 1 in Air Magic
  7311 | Bailey   | Noticed an orc knight
  7323 | Bailey   | Killed an orc knight
  7449 | Bailey   | Acquired the ring "Yzickas" {rElec rPois MP+9 Dex+5 Stlth-}
  7519 | Bailey   | Noticed an orc high priest
  7523 | Bailey   | Noticed a hellwing
  7523 | Bailey   | Noticed a sixfirhy
  7525 | Bailey   | Noticed a red devil
  7530 | Bailey   | Killed an orc high priest
  7531 | Bailey   | Reached skill level 6 in Spellcasting
  7531 | Bailey   | Reached XP level 10. HP: 28/56 MP: 14/19
  7844 | Bailey   | Found an iron altar of Okawaru.
  7845 | Bailey   | Identified the +7 long sword "Cevo" {flame, rC++ rN+}
  7846 | Bailey   | Noticed a kobold demonologist
  7866 | Bailey   | Noticed a rust devil
  7887 | Bailey   | Noticed a sun demon
  7889 | Bailey   | Killed a kobold demonologist
  7889 | Bailey   | Reached *** piety under Sif Muna
  8108 | Bailey   | Reached XP level 11. HP: 61/61 MP: 20/20
  9156 | D:8      | Learned a level 4 spell: Summon Lightning Spire
  9444 | D:8      | Found Jyfeoch's Assorted Antiques.
  9447 | D:8      | Bought a viscous ruby potion for 27 gold pieces
  9551 | D:8      | Noticed a two-headed ogre
  9558 | D:8      | Killed a two-headed ogre
  9559 | D:8      | Reached skill level 1 in Fighting
  9559 | D:8      | Reached skill level 1 in Long Blades
  9559 | D:8      | Reached skill level 10 in Shields
  9586 | D:8      | Noticed Psyche
  9590 | D:8      | Killed Psyche
  9951 | D:8      | Reached skill level 1 in Summonings
  9957 | D:8      | Reached **** piety under Sif Muna
  9962 | D:8      | Found a staircase to the Lair.
 10254 | Lair:1   | Entered Level 1 of the Lair of Beasts
 10423 | Lair:1   | Reached skill level 7 in Spellcasting
 10766 | Lair:1   | Reached XP level 12. HP: 70/70 MP: 22/22
 11554 | Lair:2   | Noticed Harold
 11554 | Lair:2   | Noticed a death yak
 11556 | Lair:2   | Noticed a death yak
 11559 | Lair:2   | Noticed a death yak
 11562 | Lair:2   | Noticed a death yak
 11562 | Lair:2   | Noticed a death yak
 11565 | Lair:2   | Reached skill level 5 in Invocations
 12044 | Lair:2   | Reached skill level 5 in Air Magic
 12051 | Lair:2   | Reached skill level 5 in Hexes
 12154 | Lair:2   | Killed Harold
 12154 | Lair:2   | Reached ***** piety under Sif Muna
 12501 | Lair:1   | Killed a death yak
 12502 | Lair:1   | Reached skill level 8 in Spellcasting
 12680 | Lair:1   | Killed a death yak
 12690 | Lair:1   | Killed a death yak
 12691 | Lair:1   | Reached XP level 13. HP: 15/78 MP: 6/25
 13472 | Lair:2   | Learned a level 4 spell: Airstrike
 13548 | Lair:2   | Gained mutation: Your magical capacity is low. (-10% MP)
                  | [potion of mutation]
 13548 | Lair:2   | Gained mutation: You occasionally lose the ability to drink
                  | potions when taking damage. [potion of mutation]
 13548 | Lair:2   | Gained mutation: You are dopey. (Int -2) [potion of
                  | mutation]
 13549 | Lair:2   | Lost mutation: Your magical capacity is low. (-10% MP)
                  | [potion of mutation]
 13549 | Lair:2   | Lost mutation: You are dopey. (Int -2) [potion of mutation]
 13549 | Lair:2   | Lost mutation: You occasionally lose the ability to drink
                  | potions when taking damage. [potion of mutation]
 13549 | Lair:2   | Gained mutation: You are somewhat resistant to further
                  | mutation. [potion of mutation]
 14200 | Lair:2   | Learned a level 3 spell: Swiftness
 14716 | Lair:3   | Noticed Nessos
 14733 | Lair:3   | Killed Nessos
 15347 | Lair:3   | Received a gift from Sif Muna
 15404 | Lair:3   | Got Saopp's Vademecum on Stormy Fate {god gift}
 15603 | Lair:3   | Reached skill level 9 in Spellcasting
 16043 | Lair:3   | Found a staircase to the Snake Pit.
 16486 | Lair:3   | Found a blossoming altar of Fedhas.
 16535 | Lair:3   | Reached XP level 14. HP: 43/86 MP: 27/27
 16890 | Lair:3   | Found a staircase to the Swamp.
 17304 | D:4      | Bought a manual of Invocations for 960 gold pieces
 17535 | Lair:4   | Reached skill level 5 in Fighting
 17535 | Lair:4   | Reached skill level 5 in Long Blades
 17751 | Lair:4   | Found a viscous altar of Jiyva.
 17751 | Lair:4   | Found a staircase to the Slime Pits.
 18175 | Lair:4   | Found a runed translucent gate.
 18175 | Lair:4   | Found a runed translucent gate.
 18176 | Lair:4   | Found a runed translucent gate.
 18187 | Lair:4   | Noticed Rankomyk's ghost (journeyman VSEn)
 18541 | Lair:4   | Reached skill level 5 in Summonings
 18805 | Lair:5   | Entered Level 5 of the Lair of Beasts
 18934 | Lair:4   | Killed Rankomyk's ghost
 19444 | Lair:5   | Identified the +0 ring mail "Vecynym" {rF++ rCorr Int-4}
 19468 | Lair:5   | Reached skill level 10 in Spellcasting
 20281 | Lair:5   | Reached XP level 15. HP: 50/94 MP: 18/29
 21174 | Lair:5   | Learned a level 5 spell: Yara's Violent Unravelling
 22087 | D:9      | Found Vuecof's Island Escapes.
 22145 | D:9      | Bought a scroll of blinking for 112 gold pieces
 22286 | D:9      | Lost mutation: You are somewhat resistant to further
                  | mutation. [potion of mutation]
 22286 | D:9      | Gained mutation: Your skin blends seamlessly with your
                  | surroundings (Stealth++). [potion of mutation]
 22286 | D:9      | Gained mutation: Your body sometimes deteriorates upon
                  | taking damage. [potion of mutation]
 22286 | D:9      | Gained mutation: You are robust. (+10% HP) [potion of
                  | mutation]
 22286 | D:9      | Gained mutation: You have hidden genetic potential. [potion
                  | of mutation]
 22291 | D:9      | Received a gift from Sif Muna
 22296 | D:9      | Got Ledwobil's Anthology of Weathered Malevolent Spells
                  | {god gift}
 22682 | D:10     | Entered Level 10 of the Dungeon
 22973 | D:10     | Found a shadowy altar of Dithmenos.
 24100 | D:11     | Found a bloodstained altar of Trog.
 24359 | D:11     | Learned a level 3 spell: Hailstorm
 24525 | D:11     | Found a staircase to the Orcish Mines.
 24727 | Orc:1    | Entered Level 1 of the Orcish Mines
 24759 | Orc:1    | Noticed Maurice
 24767 | Orc:1    | Killed Maurice
 24771 | Orc:1    | Found a roughly hewn altar of Beogh.
 25068 | Orc:2    | Entered Level 2 of the Orcish Mines
 25072 | Orc:2    | Received a gift from Sif Muna
 25085 | Orc:2    | Learned a level 5 spell: Fireball
 25354 | Orc:2    | Found Rixekk's CLEARANCE SALE!.
 25370 | Orc:2    | Bought a scroll of identify for 10 gold pieces
 25954 | Orc:2    | Found a staircase to the Elven Halls.
 26535 | Orc:2    | Found Zacinur's Antique Armour Shop.
 26535 | Orc:2    | Found Qoesamm's Book Emporium.
 26537 | Orc:2    | Found Bitt's Antique Armour Shop.
 26537 | Orc:2    | Found Maomuseta's Weapon Emporium.
 26739 | Orc:2    | Bought a book of Blasting for 448 gold pieces
 26942 | Orc:1    | Noticed Nergalle
 26954 | Orc:1    | Killed Nergalle
 27301 | Elf:1    | Entered Level 1 of the Elven Halls
 27546 | Elf:1    | Reached skill level 11 in Spellcasting
 27775 | Elf:1    | Reached skill level 10 in Invocations
 28250 | Elf:1    | Noticed a deep elf sorcerer
 28257 | Elf:1    | Killed a deep elf sorcerer
 28465 | Elf:1    | Reached XP level 16. HP: 113/113 MP: 27/31
 28661 | Elf:1    | Paralysed by an air elemental for 1 turns
 28786 | Elf:1    | Found Memat's Distillery.
 28794 | Elf:1    | Bought 2 potions of curing for 78 gold pieces
 28794 | Elf:1    | Bought a potion of haste for 130 gold pieces
 29189 | Elf:1    | Learned a level 4 spell: Iskenderun's Mystic Blast
 29705 | Elf:2    | Gained mutation: You are very robust. (+20% HP) [hidden
                  | potential]
 29807 | Elf:2    | Identified the +5 dagger "Ufidd" {flame, rElec}
 29813 | Elf:2    | Reached skill level 10 in Conjurations
 29813 | Elf:2    | Reached skill level 5 in Alchemy
 30508 | Elf:2    | Paralysed by an air elemental for 1 turns
 30576 | Elf:2    | Found a runed translucent gate.
 30576 | Elf:2    | Found a runed translucent gate.
 30576 | Elf:2    | Noticed a rockslime
 30577 | Elf:2    | Found a runed translucent gate.
 30577 | Elf:2    | Noticed Himuck's ghost (adept OpFE)
 30577 | Elf:2    | Noticed a rockslime
 30578 | Elf:2    | Noticed an acid blob
 30580 | Elf:2    | Found a viscous altar of Jiyva.
 30595 | Elf:2    | Killed a rockslime
 30599 | Elf:2    | Killed Himuck's ghost
 30610 | Elf:2    | Killed an acid blob
 30614 | Elf:2    | Killed a rockslime
 30910 | Elf:3    | Entered Level 3 of the Elven Halls
 30916 | Elf:3    | Reached skill level 1 in Ice Magic
 30941 | Elf:3    | Found Gestel's Neck Hole.
 31006 | Elf:3    | Found a flickering gateway to a bazaar.
 31016 | Bazaar   | Entered a bazaar
 31020 | Bazaar   | Found Nytsurru's Magic Scroll Shop.
 31028 | Bazaar   | Found Tyniur's Book Boutique.
 31060 | Bazaar   | Found Juasoder's Book Shop.
 31068 | Bazaar   | Bought a book of Spatial Translocations for 270 gold pieces
 31071 | Bazaar   | Learned a level 2 spell: Blink
 31072 | Bazaar   | Found Zusch's Assorted Antiques.
 31078 | Bazaar   | Bought a scroll labelled OFILUPR NUDISHOD for 24 gold
                  | pieces
 31078 | Bazaar   | Bought a sapphire flail for 204 gold pieces
 31078 | Bazaar   | Identified the +10 flail of the Dragonfly {pain, Fly rCorr
                  | SInv Stlth+} (You bought it in a shop in a bazaar)
 31078 | Bazaar   | Bought a twisted halberd for 216 gold pieces
 31078 | Bazaar   | Identified the +5 halberd of Wondrous Power {flame, rF+
                  | Will- MP+9} (You bought it in a shop in a bazaar)
 31430 | Elf:3    | Noticed Louise
 31442 | Elf:3    | Killed Louise
 31776 | Elf:3    | Reached skill level 1 in Translocations
 32050 | Elf:3    | Reached skill level 12 in Spellcasting
 32321 | Elf:3    | Reached skill level 10 in Fire Magic
 32325 | Elf:3    | Noticed a deep elf blademaster
 32330 | Elf:3    | Noticed a deep elf blademaster
 32333 | Elf:3    | Killed a deep elf blademaster
 32334 | Elf:3    | Reached XP level 17. HP: 58/130 MP: 3/33
 32335 | Elf:3    | Noticed a deep elf blademaster
 32337 | Elf:3    | Noticed a deep elf blademaster
 32339 | Elf:3    | Killed a deep elf blademaster
 32339 | Elf:3    | HP: 4/130 [deep elf annihilator/crystal spear (40)]
 32688 | Elf:3    | Killed a deep elf blademaster
 32689 | Elf:3    | Reached skill level 10 in Dodging
 32690 | Elf:3    | Gained mutation: You are partially covered in iridescent
                  | scales. (AC +2) [hidden potential]
 32690 | Elf:3    | Lost mutation: You have hidden genetic potential. [hidden
                  | potential expressed]
 32952 | Elf:3    | Identified the ring of Popsop {rElec rPois rC- rN+++ Will+}
 32953 | Abyss:3  | Cast into level 3 of the Abyss (a deep elf sorcerer)
 32956 | Abyss:3  | Found a corrupted altar of Lugonu.
 32993 | Abyss:3  | Noticed a bone dragon
 32997 | Elf:3    | Escaped the Abyss
 33002 | Elf:3    | Killed a deep elf blademaster
 33002 | Elf:3    | Received a gift from Sif Muna
 33005 | Elf:3    | Got Sif Muna's Volume of the Volley {god gift}
 33180 | Elf:3    | Learned a level 6 spell: Plasma Beam
 33190 | Elf:3    | Identified the amulet "Piusegg" {Reflect Dex+3 Slay+2 SH+5}
 33511 | Abyss:3  | Cast into level 3 of the Abyss (a deep elf sorcerer)
 33580 | Abyss:3  | Found a corrupted altar of Lugonu.
 33588 | Abyss:3  | Noticed an ancient lich
 33594 | Abyss:3  | Noticed a tentacled starspawn
 33601 | Abyss:3  | Killed a tentacled starspawn
 33608 | Abyss:3  | Killed an ancient lich
 33613 | Abyss:3  | Noticed a tentacled starspawn
 33617 | Abyss:3  | Killed a tentacled starspawn
 33729 | Abyss:3  | HP: 6/133 [spriggan defender skeleton[a necromancer] (19)]
 33740 | Elf:3    | Escaped the Abyss
 33772 | Elf:3    | Noticed a deep elf master archer
 34131 | Elf:3    | Killed a deep elf master archer
 34248 | Elf:3    | Identified the staff "Jouf" {^Drain rPois rC+ Conj}
 34266 | Elf:3    | Identified the dragon-blood talisman "Osuyc" {Int+4}
 34293 | Elf:3    | Identified the staff of Conservatism {rElec rC+ Will+ Summ
                  | Ice Air}
 34319 | Elf:3    | Got the Elucidation of Cold
 34693 | Elf:2    | Found Conotown's Armour Emporium.
 34892 | Elf:2    | Paralysed by an air elemental for 1 turns
 35200 | Elf:2    | Found a runed translucent gate.
 35201 | Elf:2    | Found a runed translucent gate.
 35201 | Elf:2    | Found a runed translucent gate.
 35339 | Elf:2    | Noticed a deep elf blademaster
 35351 | Elf:2    | Reached XP level 18. HP: 139/140 MP: 15/34
 35358 | Elf:2    | Killed a deep elf blademaster
 35791 | Elf:2    | Reached skill level 13 in Spellcasting
 37340 | Swamp:1  | Entered Level 1 of the Swamp
 37747 | D:8      | Noticed Grum
 37756 | D:8      | Killed Grum
 38621 | Swamp:1  | Reached skill level 5 in Ice Magic
 39235 | Swamp:2  | Reached skill level 5 in Translocations
 41063 | Swamp:4  | Entered Level 4 of the Swamp
 41271 | Swamp:4  | Identified the ring of the Reasonable God {rF+ rN+ Will+
                  | Dex+2}
 41664 | Swamp:4  | Reached XP level 19. HP: 151/151 MP: 22/36
 41997 | Swamp:4  | Noticed the 27-headed Lernaean hydra
 42150 | Swamp:4  | Killed the 27-headed Lernaean hydra
 42207 | Swamp:4  | Upgraded the game from 0.32-a0-585-gef4fe23122 to
                  | 0.32-a0-738-g1a05c61809
 42529 | Swamp:4  | Got a decaying rune of Zot
 43027 | Snake:1  | Entered Level 1 of the Snake Pit
 43041 | Snake:1  | Reached skill level 14 in Spellcasting
 43240 | Snake:1  | Found Cazahocs's Assorted Antiques.
 43242 | Snake:1  | Found Wosy's Assorted Antiques.
 43244 | Snake:1  | Found Ryczaid's Jewellery Shoppe.
 43259 | Snake:1  | Bought a granite ring for 105 gold pieces
 43473 | Snake:1  | Reached skill level 10 in Fighting
 44219 | Snake:1  | Noticed HourglassMan's ghost (journeyman GrEE)
 44226 | Snake:1  | Found a transporter.
 44246 | Snake:1  | Found a transporter.
 44568 | Snake:1  | Killed HourglassMan's ghost
 44706 | Snake:1  | Identified the +1 helmet "Lolealim" {^Contam Str+2 Dex+2
                  | Slay+5}
 44711 | Snake:1  | Acquired 602 gold pieces
 44715 | Snake:1  | Identified the +1 scale mail "Ytematav" {rF+ rCorr Int+2}
 44767 | Snake:1  | Learned a level 7 spell: Orb of Destruction
 46379 | Snake:2  | Found a large runed translucent door.
 46379 | Snake:2  | Found a large runed translucent door.
 46381 | Snake:2  | Noticed Puohiom's ghost (adept KoEn)
 46407 | Snake:2  | Killed Puohiom's ghost
 46838 | Snake:3  | Found a glacial archway.
 46862 | Snake:3  | Reached skill level 15 in Invocations
 46894 | IceCv    | Entered an ice cave
 47538 | IceCv    | Identified the +4 helmet "Heextase" {Harm +Blink}
 47562 | IceCv    | Found an ancient bone altar of Kikubaaqudgha.
 47571 | IceCv    | Reached XP level 20. HP: 128/159 MP: 27/38
 47989 | IceCv    | Got the Essays on Imbrued Hoarfrost
 49763 | Snake:4  | Entered Level 4 of the Snake Pit
 49769 | Snake:4  | Identified the +4 ring mail of the Realm of Zot {+Inv
                  | Str+3}
 50360 | Snake:4  | Found a transporter.
 50395 | Snake:4  | Identified the serpent talisman of the Ant {rC+ Int+3
                  | Dex+3}
 50395 | Snake:4  | Noticed Aizul
 50404 | Snake:4  | Reached skill level 15 in Spellcasting
 50404 | Snake:4  | Killed Aizul
 50404 | Snake:4  | Received a gift from Sif Muna
 50868 | Snake:4  | Noticed Jano's ghost (adept CoGl)
 50888 | Snake:4  | Found a one-way gate to the infinite horrors of the Abyss.
 51496 | Snake:4  | Found a transporter.
 52116 | Snake:4  | Noticed Vashnia
 52117 | Snake:4  | Received a gift from Sif Muna
 52140 | Snake:4  | Killed Vashnia
 52288 | Snake:4  | Got Sif Muna's Notes on the Burn and the Atmosphere {god
                  | gift}
 52302 | Snake:4  | Found an iron altar of Okawaru.
 52319 | Snake:4  | Got a serpentine rune of Zot
 52452 | Snake:4  | Gained mutation: You have hidden genetic defects. [a
                  | cacodemon]
 52460 | Snake:4  | Reached skill level 10 in Air Magic
 52490 | Snake:4  | Killed Jano's ghost
 52714 | Snake:4  | Got Lugonu's Tome of Correspondence
 52751 | Snake:4  | Identified the ring of Jiaghowu {rF+ rN+ rCorr Str-4}
 53520 | D:12     | Noticed Fannar
 53528 | D:12     | Killed Fannar
 54491 | D:12     | Found a portal to a secret trove of treasure.
 54495 | Trove    | Entered a treasure trove
 54504 | Trove    | Identified the amulet "Piweroat" {Reflect Str+2 Int+2 SH+5
                  | SInv}
 54506 | Trove    | Identified the ring of Zin's Whim {Fly rC- Int+5 Slay+3}
 54510 | Trove    | Identified the ring "Ugimpuf" {rF+++ rN+ EV+5 Dex-4 Stlth+}
 54512 | Trove    | Identified the ring of Juifua {Will++ rCorr Slay+4}
 54514 | Trove    | Identified the ring of Qof Ygge {rElec rF+ rN+ Str+6
                  | Slay+2}
 54517 | Trove    | Identified the ring "Binuoril" {Will- rCorr EV+5 Int+8
                  | Stlth-}
 54776 | Trove    | Upgraded the game from 0.32-a0-738-g1a05c61809 to
                  | 0.32-a0-870-g877066f4b4
 54931 | D:12     | Learned a level 6 spell: Dispersal
 54936 | D:12     | Learned a level 4 spell: Summon Blazeheart Golem
 55107 | D:12     | Noticed Azrael
 55111 | D:12     | Killed Azrael
 55666 | D:13     | Gained mutation: You are vulnerable to heat. (rF-) [hidden
                  | defects]
 55751 | D:13     | Lost mutation: Your body sometimes deteriorates upon taking
                  | damage. [potion of mutation]
 55751 | D:13     | Lost mutation: You are vulnerable to heat. (rF-) [potion of
                  | mutation]
 55751 | D:13     | Lost mutation: You are very robust. (+20% HP) [potion of
                  | mutation]
 55751 | D:13     | Gained mutation: You are agile. (Dex +4, Str/Int -1)
                  | [potion of mutation]
 56300 | D:14     | Reached XP level 21. HP: 155/155 MP: 27/40
 56352 | D:14     | Noticed Jorgrun
 56487 | D:14     | Killed Jorgrun
 58005 | D:14     | Gained mutation: Your body sometimes deteriorates upon
                  | taking damage. [hidden defects]
 58005 | D:14     | Lost mutation: You have hidden genetic defects. [hidden
                  | defects expressed]
 58377 | D:14     | Found a shadowy altar of Dithmenos.
 58392 | D:14     | Got the Parchment of Corresponding Hypothermia
 58779 | D:14     | Found a gate to the Vaults.
 59128 | D:15     | Entered Level 15 of the Dungeon
 59136 | D:15     | Reached skill level 1 in Staves
 59798 | D:15     | Found a staircase to the Depths.
 60189 | Vaults:1 | Entered Level 1 of the Vaults
 60305 | Vaults:1 | Reached skill level 16 in Spellcasting
 60746 | Vaults:1 | Found a transporter.
 60790 | Vaults:1 | Found a transporter.
 61006 | Vaults:1 | Reached skill level 15 in Conjurations
 61175 | Vaults:1 | Identified the ring of Ibal {Fly Slay+5}
 61195 | Vaults:1 | Identified the amulet of the Trout {rElec rN+ RegenMP+
                  | Dex-2}
 62039 | Vaults:1 | Reached XP level 22. HP: 160/162 MP: 29/42
 64713 | Vaults:2 | Identified the +4 hand axe of Abuse {elec, Will+ rCorr
                  | Str+4}
 64962 | Vaults:2 | Learned a level 8 spell: Ignition
 65328 | Vaults:3 | Identified the +3 robe of Lifelessness {+Inv rPois Dex+3}
 65328 | Vaults:3 | Noticed Boris
 65332 | Vaults:3 | Killed Boris
 65453 | Vaults:3 | Noticed Asterion
 65472 | Vaults:3 | Killed Asterion
 65805 | Vaults:3 | Received a gift from Sif Muna
 65808 | Vaults:3 | Got Sif Muna's Omnibus of the Impact {god gift}
 66119 | Vaults:3 | Reached skill level 5 in Staves
 66148 | Vaults:3 | Reached skill level 17 in Spellcasting
 66152 | Vaults:3 | Found a staircase to the Crypt.
 66362 | Vaults:3 | Reached XP level 23. HP: 170/170 MP: 20/44
 68261 | Vaults:4 | Reached skill level 10 in Translocations
 68410 | Vaults:4 | Found Ycvuughaf's General Store.
 68684 | Vaults:4 | Noticed Saint Roka
 68689 | Vaults:4 | Received a gift from Sif Muna
 68692 | Vaults:4 | Killed Saint Roka
 68696 | Vaults:4 | Got Ucecussyu's Commentary on Brilliant Peregrination {god
                  | gift}
 68899 | Vaults:5 | Entered Level 5 of the Vaults
 68904 | Vaults:5 | Noticed a golden dragon
 68905 | Vaults:5 | Noticed Margery
 69058 | Vaults:5 | Killed a golden dragon
 69065 | Vaults:5 | Killed Margery
 69066 | Vaults:5 | Reached skill level 15 in Fire Magic
 69554 | Vaults:5 | Noticed a dread lich
 69559 | Vaults:5 | Noticed a golden dragon
 69576 | Vaults:5 | Killed a golden dragon
 69579 | Vaults:5 | Killed a dread lich
 69591 | Vaults:5 | Reached XP level 24. HP: 80/179 MP: 7/44
 69610 | Vaults:5 | Noticed Jory
 69611 | Vaults:5 | Noticed an ancient lich
 70031 | Vaults:5 | Identified the +1 great mace of Disaster {drain, rPois
                  | Will+}
 70033 | Vaults:5 | Killed an ancient lich
 70034 | Vaults:5 | Killed Jory
 70035 | Vaults:5 | Received a gift from Sif Muna
 70762 | Vaults:5 | Identified the +1 dagger "Nexzat" {drain, *Noise rElec
                  | rPois rC++}
 70930 | Vaults:5 | Acquired the Charlatan's Orb {orb Evoboost}
 70930 | Vaults:5 | Found the Charlatan's Orb {orb Evoboost}
 70937 | Vaults:5 | Identified the +5 short sword of the Extremes {drain,
                  | Int+4}
 71340 | Vaults:5 | Learned a level 9 spell: Fire Storm
 71365 | Vaults:5 | Found the +9 sword of Power {lifebolt}
 71652 | Vaults:5 | Identified the +8 chain mail of Distant Shores {+Inv rElec
                  | Dex+3 Stlth-}
 71853 | Vaults:5 | Found the +8 lance "Wyrmbane" {slay drac, rPois rF+ rC+
                  | AC+3}
 71971 | Vaults:5 | Got a silver rune of Zot
 72266 | Depths:1 | Entered Level 1 of the Depths
 72472 | Depths:1 | Reached skill level 1 in Evocations
 72792 | Depths:1 | Found a gateway to Hell.
 73072 | Depths:1 | Found a sparkling altar of Nemelex Xobeh.
 73081 | Depths:1 | Noticed Norris
 73101 | Depths:1 | Killed Norris
 74173 | Depths:2 | Noticed the Enchantress
 74295 | Depths:2 | Killed the Enchantress
 74296 | Depths:2 | Received a gift from Sif Muna
 74482 | Depths:2 | Reached skill level 18 in Spellcasting
 75230 | Depths:3 | Noticed a caustic shrike
 75235 | Depths:3 | Identified the +2 robe of Ororix {rN++}
 75235 | Depths:3 | Noticed Boris
 75241 | Depths:3 | Reached XP level 25. HP: 138/188 MP: 0/45
 75267 | Depths:3 | Killed from afar by a frost giant

Illustrated notes

Levels and vault maps discovered:
D:1:      shiori_arrival_elements, layout_loops_ring,
          shapermc_ecumenical_altar_totnotflames, nicolae_figureground_pulse
D:2:      layout_rooms, chequers_arboretum, grunt_ministairs_8,
          minmay_diced_spiral
D:3:      minmay_bubble_buster, layout_basic, ebering_ghost_gozag, uniq_sigmund,
          uniq_ijyb, uniq_jessica
D:4:      layout_basic, serial_corexii_hall, corexii_hall_statues_l,
          chequers_hall_statues_corner_a, nicolae_shop_vocational
D:5:      layout_loops_corners, mainiacjoe_overflow_boulevard,
          minmay_temple_entry_mist, nicolae_shop_distant_corner_stores
D:6:      layout_rooms
D:7:      layout_rooms, enter_bailey_3
D:8:      layout_loops_corners, erik_lair_orcish_takeover, serial_shops,
          nicolae_shop_tiny_real_fake_doors, uniq_psyche, uniq_grum
D:9:      layout_irregular_city, nicolae_island_escapes
D:10:     minmay_spotlight, layout_stronghold,
          mainiacjoe_overflow_small_starburst
D:11:     layout_roguey, hiddenorc1_lemuel, bloody_trog
D:12:     layout_irregular_city, trove_entry_hex_spiral, uniq_fannar,
          uniq_azrael
D:13:     layout_irregular_city
D:14:     regret_index_dithmenos_penumbral_divide, layout_basic,
          hellmonk_vaults_keyhole, chequers_serial_rivers_room_b, uniq_jorgrun
D:15:     hangedman_depths_entry_civil_slaughter, layout_cave_pools,
          minmay_unpleasant_kobolds
Lair:1:   layout_regular_city, minmay_shattered_shrine
Lair:2:   layout_hall_layers, forest_entry_grove, lemuel_fruit_tree, uniq_harold
Lair:3:   regret_index_harrowing_hell_hive, layout_cave_shapes,
          palyth_hydra_swamp_entry, alex1729_snake_entry_snake,
          chequers_serial_rivers_room_b, hangedman_tree_tricks,
          minmay_lair_oklob_bushes, uniq_nessos
Lair:4:   layout_gridlike, minmay_slime_entry_pillars,
          maelrawn_ghost_gauntlet_escape, grunt_forest_large_clearings
Lair:5:   guppyfry_lair_end_dragon, layout_gridlike, mumra_transporter_accident,
          serial_bayou_shore_b, lemuel_fruit_fields, lemuel_fruit_fields
Swamp:1:  layout_basic_swamp, evilmike_swamp_ruin_house_4
Swamp:2:  layout_basic_swamp, evilmike_swamp_ruin_house_1
Swamp:3:  layout_basic_swamp, infiniplex_staircase_pool_2
Swamp:4:  swamp_old_school, layout_basic_swamp, nicolae_swamp_decorative_isthmus
Snake:1:  layout_onion, gammafunk_ghost_berserking_beasts, minmay_shop_star
Snake:2:  layout_concentric_octagons, ebering_ghost_disaster_area,
          serial_bayou_shore_a
Snake:3:  layout_chambers, portal_ice_cave_entry_ugly_swarm,
          nicolae_snake_gridmaze_tees, beargit_elvish_explorers
Snake:4:  grunt_snake_rune_serpentine_throne, layout_cave_town,
          gammafunk_ghost_abyssal_escape, hangedman_snake_pattern, uniq_aizul
Orc:1:    layout_caves, basic_altar, uniq_nergalle, uniq_maurice
Orc:2:    grunt_orc_tribal_feast, layout_caves, nicolae_shop_clearance
Elf:1:    eino_elf_arrival_customs, layout_gridlike, serial_shops,
          nicolae_shop_industrial_runoff, nicolae_elf_blasts_and_bolts,
          nrook_loot_triangle
Elf:2:    nicolae_elf_blades_crystal_corner, layout_loops_cross,
          gammafunk_ghost_ooze, serial_shops, shop, minmay_misc_feat_alley
Elf:3:    minmay_elf_hall_not_hex, layout_geoelf_castle, serial_shops,
          bzr_entry_water, nicolae_shop_sticking_my_neck_out, uniq_louise
Vaults:1: nicolae_vaults_shrinking_rooms_2, ontoclasm_vaults_ligature,
          nicolae_vaults_storage_closets_1, nicolae_vaults_what_the_h,
          v_pattern_2, vaults_room_corners, gammafunk_dig_for_victory,
          vaults_mumra_hexcomb, serial_ice_h, nicolae_vaults_rhombus_7,
          grunt_vaults_hallway_short, layout_vaults_big_cross
Vaults:2: ontoclasm_vaults_eye, v_alt_pattern_4, v_misc_5,
          nicolae_vaults_wine_cellar, nicolae_vaults_weapon_check,
          nicolae_vaults_cochlea, grunt_vaults_diagonal, hangedman_vaults_slice,
          nicolae_vaults_diffraction_hallways, hangedman_vaults_corner_blocks,
          nicolae_vaults_lightning_bolt, nicolae_vaults_two_Ls,
          vaults_standard_mumra_enter_the_diamond,
          nicolae_vaults_little_squares_2, nicolae_vaults_tetromino_T_2,
          layout_vaults_maze_bifur
Vaults:3: nicolae_vaults_know_your_exits, minmay_crypt_entry_nasty_monster,
          v_alt_pattern_6, v_alt_pattern_4, vaults_dpeg_encased_lava,
          nicolae_vaults_diagonal_hallway_7, hangedman_vaults_snaps,
          nicolae_vaults_windows_and_doors_thing, vaults_dpeg_hooks,
          nicolae_vaults_storage_room_water, nicolae_vaults_little_squares_6,
          nicolae_vaults_more_shelving_1, layout_vaults_ring, uniq_asterion,
          uniq_boris
Vaults:4: nicolae_vaults_offset_grid_hallway_1, kb_rosetta, v_misc_27,
          nicolae_vaults_tangram_2, nicolae_vaults_meiosis,
          nicolae_vaults_closet_pinwheel_6, nicolae_vaults_alarming,
          hangedman_vaults_capsules, nicolae_vaults_frosty_reception,
          nicolae_vaults_tetromino_Z_2, layout_vaults_omnibox, serial_shops,
          nicolae_square_shop, uniq_saint_roka
Vaults:5: uniq_margery, uniq_jory
Depths:1: layout_gridville, grunt_mini_vestibule, skrybe_limestone_x,
          minmay_misc_feat_ornament, st_stairs_1,
          nemelex_xobeh_ov_fountains_minmay, uniq_norris
Depths:2: minmay_textured_paths, layout_cave_pools, hell_entry,
          nicolae_vehumet_radiance, rand_demon_pan_entry_1,
          minmay_hollow_rounded_squares, uniq_enchantress, uniq_grunn
Depths:3: minmay_the_grid_3x2 [minmay_the_grid_tri_star, minmay_the_grid_airy,
          minmay_the_grid_broken_lines, minmay_the_grid_x, minmay_the_grid_fan,
          minmay_the_grid_prize_shrinking_boxes], layout_cave_shapes,
          abyss_entry_glasseish, minmay_misc_feat_cross, hell_entry,
          uniq_josephina

Skill      XL: |  1  2  3  4  5  6  7  8  9 10 11 12 13 14 15 16 17 18 19 20 21 22 23 24 25 |
---------------+----------------------------------------------------------------------------+-----
Stealth        | 3 4 5 6 7 |  7.0
Conjurations   | 2 3 4 5 6 7 8 9 10 11 12 13 14 15 16 17 | 17.2
Dodging        | 3 4 5 6 7 8 9 10 11 12 13 14 | 14.8
Spellcasting   | 3 4 5 6 7 8 9 10 11 12 13 14 15 16 17 18 | 18.0
Fire Magic     | 4 5 6 7 8 9 10 11 12 13 14 15 16 | 16.4
Invocations    | 1 2 3 4 5 6 8 10 11 12 14 15 | 15.0
Hexes          | 2 3 4 5 6 7 |  7.0
Alchemy        | 2 3 4 5 |  5.0
Air Magic      | 2 3 5 7 8 9 10 11 12 13 | 13.0
Shields        | 9 10 11 | 11.1
Fighting       | 1 3 4 6 7 8 9 10 11 12 13 14 | 14.0
Long Blades    | 1 3 4 6 7 8 |  8.0
Summonings     | 1 3 4 5 6 7 |  7.5
Ice Magic      | 2 4 5 |  5.0
Translocations | 1 3 5 7 9 10 | 10.0
Staves         | 3 5 6 |  6.2
Evocations     | 3 |  3.7

Action                     |  1- 3 |  4- 6 |  7- 9 | 10-12 | 13-15 | 16-18 | 19-21 | 22-24 | 25-27 || total
---------------------------+-------+-------+-------+-------+-------+-------+-------+-------+-------++-------
  Melee: Dagger            |    12 |     4 |       |       |       |       |       |       |       ||    16
         Constrict         |     5 |     6 |    21 |    20 |    24 |    31 |    55 |    34 |       ||   196
         Tentacles         |     3 |     3 |    17 |    25 |    34 |    52 |   141 |   148 |       ||   423
         Club              |       |     6 |     4 |       |       |       |       |       |       ||    10
         Quarterstaff      |       |       |    56 |       |       |       |       |       |       ||    56
         Staff             |       |       |     2 |       |    78 |    45 |   333 |   340 |       ||   798
         Long sword        |       |       |       |    76 |    10 |    83 |       |       |       ||   169
   Cast: Foxfire           |    62 |    50 |   122 |   188 |   473 |    86 |    89 |     2 |     2 ||  1074
         Scorch            |       |     2 |    48 |    72 |   251 |    72 |    87 |     3 |       ||   535
         Inner Flame       |       |       |    16 |    17 |    54 |    11 |     1 |       |       ||    99
         Flame Wave        |       |       |     1 |    24 |    99 |    28 |     5 |       |       ||   157
         Mephitic Cloud    |       |       |       |    13 |    22 |    40 |    17 |     6 |       ||    98
         Summon Lightning  |       |       |       |     2 |    17 |     4 |       |       |       ||    23
         Dazzling Flash    |       |       |       |     1 |     3 |       |       |       |       ||     4
         Airstrike         |       |       |       |       |    10 |    56 |    14 |     3 |       ||    83
         Swiftness         |       |       |       |       |     1 |       |       |       |       ||     1
         Fireball          |       |       |       |       |     4 |    86 |    89 |    16 |       ||   195
         Dragon's Call     |       |       |       |       |     1 |     3 |       |       |       ||     4
         Iskenderun's Myst |       |       |       |       |       |    84 |   213 |   137 |     6 ||   440
         Plasma Beam       |       |       |       |       |       |   117 |   226 |   219 |     4 ||   566
         Hailstorm         |       |       |       |       |       |     4 |    15 |     3 |       ||    22
         Blink             |       |       |       |       |       |     1 |     6 |     1 |     3 ||    11
         Orb of Destructio |       |       |       |       |       |       |    60 |    23 |       ||    83
         Summon Blazeheart |       |       |       |       |       |       |     2 |       |       ||     2
         Ignition          |       |       |       |       |       |       |       |    43 |     1 ||    44
 Invoke: Channel Magic     |       |       |       |       |     4 |    14 |    17 |    13 |     3 ||    51
         Divine Exegesis   |       |       |       |       |     1 |     3 |       |       |       ||     4
         Forget Spell      |       |       |       |       |       |       |     1 |       |       ||     1
  Evoke: Wand              |       |       |       |     1 |       |     1 |     3 |       |       ||     5
         Condenser vane    |       |       |       |       |       |     1 |       |       |       ||     1
    Use: Scroll            |       |       |    13 |     7 |    16 |     9 |     7 |     6 |       ||    58
         Potion            |       |       |     3 |     1 |     7 |     6 |     4 |     8 |       ||    29
   Stab: Sleeping          |     3 |       |    12 |     3 |     5 |    10 |     5 |     4 |       ||    42
         Confused          |       |       |       |       |     2 |     1 |     7 |       |       ||    10
         Distracted        |       |       |       |       |     1 |       |     1 |       |       ||     2
 Armour: Skin              |     7 |    13 |    73 |    64 |   174 |   159 |   268 |   209 |    15 ||   982
  Dodge: Dodged            |    11 |     6 |    87 |    90 |   222 |   172 |   394 |   348 |     9 ||  1339
  Block: Other             |       |       |    10 |       |       |       |       |       |       ||    10
         Buckler           |       |       |       |   134 |   343 |   189 |   269 |   152 |     4 ||  1091
         Reflection        |       |       |       |       |    22 |    17 |    90 |    61 |       ||   190
         Kite shield       |       |       |       |       |       |       |   308 |   277 |       ||   585

Table legend: (Time is in decaauts)
 A = Elapsed time spent in this place.
 B = Non-inter-level travel time spent in this place.
 C = Inter-level travel time spent in this place.
 D = Time resting spent in this place.
 E = Time spent auto-exploring this place.
 F = Levels seen in this place.
 G = Mean time per level.
                   A        B        C        D        E       F      G
               +--------+--------+--------+--------+--------+-----+--------+
         Total |  75477 |  71165 |   4312 |  10985 |  42042 |  47 | 1605.9 |
       Dungeon |  19272 |  17739 |   1533 |   1150 |  13006 |  15 | 1284.8 |
          Lair |  12471 |  11443 |   1028 |   2516 |   6263 |   5 | 2494.2 |
         Swamp |   4337 |   4264 |     73 |    977 |   2005 |   4 | 1084.2 |
     Snake Pit |   8576 |   8423 |    153 |    978 |   5384 |   4 | 2144.0 |
  Orcish Mines |   2939 |   2338 |    601 |    119 |   1647 |   2 | 1469.5 |
   Elven Halls |   9559 |   9186 |    373 |   2428 |   4239 |   3 | 3186.3 |
        Vaults |  12272 |  11785 |    487 |   1803 |   6648 |   5 | 2454.4 |
        Depths |   2519 |   2459 |     60 |    735 |   1217 |   3 |  839.7 |
         Abyss |    274 |    274 |      0 |      0 |      0 |   2 |  137.0 |
        Bazaar |     92 |     92 |      0 |      0 |      0 |   1 |   92.0 |
         Trove |    359 |    359 |      0 |      0 |      0 |   1 |  359.0 |
        Bailey |   1543 |   1543 |      0 |      0 |   1171 |   1 | 1543.0 |
      Ice Cave |   1259 |   1259 |      0 |    278 |    462 |   1 | 1259.0 |
               +--------+--------+--------+--------+--------+-----+--------+

Top non-repeatable levels by time:
  Lair:3: 3850 daAuts
   Elf:2: 3605 daAuts
   Elf:3: 3494 daAuts
Vaults:4: 3203 daAuts
    D:14: 2983 daAuts
Vaults:1: 2773 daAuts
 Snake:4: 2722 daAuts
   Elf:1: 2460 daAuts
Vaults:2: 2431 daAuts
 Snake:1: 2406 daAuts
  Lair:1: 2370 daAuts
  Lair:2: 2325 daAuts
   Orc:2: 2288 daAuts
Depths:1: 2271 daAuts
 Snake:3: 2237 daAuts
